 Dungeon Crawl Stone Soup version 0.23-a0-767-gdc19b93d68 (webtiles) character file.

92 Hercules1031 the Skirmisher (level 4, 0/37 HPs)
             Began as a Barachi Fighter on Jan 23, 2019.
             Slain by Crazy Yiuf
             ... wielding a +4 quarterstaff of chaos
              (7 damage)
             ... while paralysed by Crazy Yiuf
             ... on level 2 of the Dungeon.
             The game lasted 00:04:18 (2002 turns).

Hercules1031 the Skirmisher (Barachi Fighter)       Turns: 2002, Time: 00:04:19

Health: 0/37       AC:  9    Str: 18    XL:     4   Next: 60%
Magic:  4/4        EV:  2    Int:  8    God:
Gold:   74         SH:  0    Dex: 12    Spells: 3/3 levels left

rFire    . . .     SeeInvis .   a - +0 long sword
rCold    . . .     Gourm    .   c - +0 shield
rNeg     . . .     Faith    .   h - +0 chain mail
rPois    .         Spirit   .   (no helmet)
rElec    .         Reflect  .   (no cloak)
rCorr    .         Harm     .   (no gloves)
MR       .....                  (no boots)
Stlth    ..........             (no amulet)
HPRegen  0.12/turn              (no ring)
MPRegen  0.09/turn              (no ring)

@: paralysed, very slightly contaminated, hasted, invisible, slow
A: +LOS, swims, slowness 1, strong legs 1
a: Hop


You were on level 2 of the Dungeon.
You were not hungry.

You visited 1 branch of the dungeon, and saw 2 of its levels.

You collected 74 gold pieces.

Inventory:

Hand Weapons
 a - a +0 long sword (weapon)
Armour
 b - a +0 scale mail
 c - a +0 shield (worn)
 h - a +0 chain mail (worn)
Scrolls
 e - a scroll of remove curse {unknown}
 k - a scroll of random uselessness {unknown}
 l - a scroll of teleportation {unknown}
Potions
 d - 2 potions of might
 g - a potion of resistance {unknown}
 i - a potion of flight {unknown}
 j - a potion of agility {unknown}
 m - a potion of haste {unknown}
Comestibles
 f - 5 rations


   Skills:
 + Level 4.1 Fighting
 * Level 3.9 Long Blades
 + Level 4.1 Armour
 + Level 1.3 Dodging
 + Level 3.8 Shields


You had 3 spell levels left.
You didn't know any spells.
Your spell library was empty.

Dungeon Overview and Level Annotations

Branches:
Dungeon (2/15)

Altars:
Fedhas

Annotations:
D:2 Crazy Yiuf


Innate Abilities, Weirdness & Mutations

Shadows flee at your approach. (+LOS)
You can swim through water.
You cover ground slowly.
You can hop short distances.


Message History

You closely miss Crazy Yiuf.
Crazy Yiuf hits you but does no damage. x2
You barely miss Crazy Yiuf.
Crazy Yiuf hits you with a +4 quarterstaff of chaos.
You feel yourself speed up.
You hit Crazy Yiuf but do no damage. You hit Crazy Yiuf.
Crazy Yiuf is moderately wounded.
Crazy Yiuf hits you but does no damage.
You are electrocuted!
You slash Crazy Yiuf!
Crazy Yiuf is severely wounded.
Crazy Yiuf hits you with a +4 quarterstaff of chaos!
* * * LOW HITPOINT WARNING * * *
You suddenly lose the ability to move!
Crazy Yiuf hits you with a +4 quarterstaff of chaos.
* * * LOW HITPOINT WARNING * * *
You fade into invisibility!
You are very lightly contaminated with residual magic.
Crazy Yiuf cries, "Ice!
Ten mobile Hive."
Crazy Yiuf hits you with a +4 quarterstaff of chaos!
You die...

#### ♣♣####
#)))#♣♣ ♣♣.#..##
#.)g@)♣♣♣♣......#
#)))#♣))♣)......#
#### ♣♣♣)♣).#.#.#
♣♣♣♣♣###.# #.#
#.##### #......
#####.. # #..


You could see Crazy Yiuf.

Vanquished Creatures
  3 adders (D:2)
  2 worms (D:2)
  A dart slug (D:1)
  4 leopard geckos
  5 orcs (D:2)
  4 bats (D:1)
  A giant cockroach (D:1)
  3 goblins (D:2)
  2 hobgoblins (D:1)
  8 jackals (D:1)
  A ball python (D:1)
  4 frilled lizards (D:1)
  4 kobolds
  7 rats
49 creatures vanquished.

Notes
Turn   | Place    | Note
-------+----------+-------------------------------------------
     0 | D:1      | Hercules1031 the Barachi Fighter began the quest for the
                  | Orb.
     0 | D:1      | Reached XP level 1. HP: 18/18 MP: 1/1
   263 | D:1      | Reached XP level 2. HP: 25/25 MP: 2/2
   857 | D:1      | Reached XP level 3. HP: 27/30 MP: 3/3
  1314 | D:2      | Reached skill level 1 in Dodging
  1472 | D:2      | Reached XP level 4. HP: 25/37 MP: 4/4
  1911 | D:2      | Found a blossoming altar of Fedhas.
  1990 | D:2      | Found a runed door.
  1994 | D:2      | Noticed Crazy Yiuf
  2000 | D:2      | Paralysed by Crazy Yiuf for 7 turns
  2002 | D:2      | Slain by Crazy Yiuf

Vault maps used:
D:1:      lightli_arrival_quake, roderic_serpentine_path
D:2:      fedhas_ov_isle_minmay, uniq_crazy_yiuf_cottage

Skill      XL: |  1  2  3 |
---------------+----------+-----
Long Blades    | 3 |  3.9
Fighting       | 4 |  4.1
Armour         | 4 |  4.1
Dodging        | 1 |  1.3
Shields        | |  3.8

Action                   |  1- 3 |  4- 6 || total
-------------------------+-------+-------++-------
Melee: Long sword        |   182 |    50 ||   232
  Use: Scroll            |     2 |       ||     2
  Eat: Ration            |     2 |       ||     2
Armor: Scale mail        |    29 |       ||    29
       Chain mail        |   117 |    34 ||   151
Dodge: Dodged            |    61 |    14 ||    75
Block: Shield            |   116 |    30 ||   146
       Rpst.: Long sword |    21 |     4 ||    25

Table legend:
 A = Non-vault XP
 B = Vault XP
 C = Vault XP percentage of total XP
 D = Non-vault monster count
 E = Vault monster count
 F = Vault count percentage of total count
                 A         B        C        D         E       F
            +---------+---------+-------+---------+---------+-------
      Total |     132 |       0 |   0.0 |      49 |       0 |   0.0
            +---------+---------+-------+---------+---------+-------
        D:1 |      51 |       0 |   0.0 |      28 |       0 |   0.0
        D:2 |      81 |       0 |   0.0 |      21 |       0 |   0.0
            +---------+---------+-------+---------+---------+-------
